AoeStats
← xxCamper_2

Yucatan

503577495Analyzed
3v3 RM · 1mo ago on Sep 1, 2026· 50m 24s· 6 players
Game mode
Random Map
Map size
Normal (6 player)
Population
200
Speed
Normal
Resources
Standard
Victory
Conquest
Starting age
Dark Age
Ending age
Imperial Age
RankedLock teamsTeams togetherTeam positionsShared explorationLock speedFull tech treeHidden civsTurbo modeCheats
Victory
Defeat
🇸🇰 Gurjaras · Slovakia
1342
+13
🇬🇧 Japanese · United Kingdom
1277
+16
🇪🇸 Mongols · Spain
1245
+18
🇨🇳 Franks · China
1327
-18
🇨🇳 Italians · China
1325
-18
🇨🇳 Huns · China
1194
-12
放松一下
6:48 Loom
9:45 Feudal Age
10:38 Double-Bit Axe
18:11 Castle Age
19:40 Bow Saw
23:45 Husbandry
25:34 Town Watch
36:36 Imperial Age
35:59 Wheelbarrow
40:43 Imperial Age
43:03 Imperial Age
42:14 Light Cavalry
43:01 Scale Barding Armor
43:11 Forging
43:46 Hand Cart
43:15 Cavalier
44:19 Chain Barding Armor
44:38 Iron Casting
47:32 Gold Mining
49:03 Gold Shaft Mining
50:08 Plate Barding Armor
只想搞事
10:51 Feudal Age
11:33 Double-Bit Axe
14:50 Castle Age
19:09 Horse Collar
27:17 Bow Saw
27:21 Fletching
29:51 Ballistics
32:28 Imperial Age
30:25 Fletching
30:35 Padded Archer Armor
31:54 Padded Archer Armor
31:50 Bodkin Arrow
31:57 Padded Archer Armor
34:30 Chemistry
33:32 Bracer
33:48 Leather Archer Armor
34:13 Elite Genoese Crossbowman
35:58 Ring Archer Armor
37:57 Gold Mining
39:37 Scale Barding Armor
39:42 Forging
39:37 Light Cavalry
40:27 Bloodlines
40:18 Husbandry
41:26 Bombard Tower
41:57 Hussar
优雅猫
11:30 Feudal Age
15:33 Castle Age
13:49 Double-Bit Axe
15:38 Gold Mining
16:12 Loom
16:12 Town Watch
17:02 Wheelbarrow
16:15 Town Watch
16:42 Bow Saw
17:38 Fletching
18:37 Horse Collar
19:37 Heavy Plow
24:07 Ballistics
26:20 Bodkin Arrow
27:22 Bloodlines
27:12 Husbandry
27:30 Padded Archer Armor
29:59 Hand Cart
30:18 Thumb Ring
31:32 Leather Archer Armor
34:15 Gold Shaft Mining
33:31 Stone Mining
38:31 Imperial Age
36:06 Town Patrol
36:12 Husbandry
36:14 Marauders
36:22 Scale Barding Armor
36:28 Forging
37:38 Chain Barding Armor
37:28 Forging
37:30 Masonry
39:26 Bracer
38:52 Heavy Cavalry Archer
39:57 Parthian Tactics
40:06 Parthian Tactics
41:57 Chemistry
42:05 Plate Barding Armor
42:05 Iron Casting
44:15 Conscription
45:42 Caravan
46:12 Coinage
45:52 Guilds
46:57 Blast Furnace
45:57 Scale Mail Armor
47:24 Two-Man Saw
46:52 Sappers
49:10 Banking
49:30 Murder Holes
xxCamper_2
7:20 Loom
9:07 Feudal Age
13:55 Castle Age
12:36 Double-Bit Axe
16:45 Horse Collar
19:29 Bow Saw
25:51 Heavy Plow
27:01 Wheelbarrow
27:17 Fletching
27:56 Bodkin Arrow
28:34 Padded Archer Armor
28:43 Gold Mining
28:43 Stone Mining
30:33 Ballistics
30:55 Leather Archer Armor
33:29 Imperial Age
31:45 Heated Shot
32:13 Kshatriyas
33:06 Gold Shaft Mining
33:36 Scale Mail Armor
33:31 Arson
34:29 Forging
36:01 Chain Mail Armor
36:21 Iron Casting
35:57 Elite Chakram Thrower
36:47 Husbandry
39:24 Plate Mail Armor
40:49 Scale Barding Armor
40:45 Bracer
42:22 Chemistry
41:54 Conscription
41:49 Siege Elephant
43:26 Stone Shaft Mining
43:39 Frontier Guards
44:03 Bloodlines
43:43 Heavy Camel Rider
45:23 Chain Barding Armor
45:35 Hand Cart
47:14 Plate Barding Armor
48:06 Town Watch
48:52 Town Patrol
50:24 Light Cavalry
gytisrepsys
5:23 Loom
10:56 Feudal Age
15:34 Castle Age
13:48 Double-Bit Axe
15:45 Wheelbarrow
16:35 Bow Saw
21:06 Stone Mining
21:30 Horse Collar
22:34 Gold Mining
25:32 Heavy Plow
26:53 Gold Shaft Mining
29:56 Imperial Age
28:30 Guard Tower
29:00 Ballistics
28:58 Fletching
29:59 Bodkin Arrow
31:18 Keep
30:47 Bracer
31:51 Two-Man Saw
31:09 Yasama
31:30 Conscription
31:31 Kataparuto
32:03 Siege Engineers
32:50 Hand Cart
32:26 Arrowslits
35:48 Chemistry
34:59 Masonry
34:45 Murder Holes
34:30 Treadmill Crane
37:44 Padded Archer Armor
37:55 Forging
pataka
7:14 Loom
9:45 Feudal Age
10:45 Double-Bit Axe
16:39 Castle Age
15:04 Padded Archer Armor
15:29 Fletching
17:44 Bow Saw
21:29 Leather Archer Armor
22:20 Bodkin Arrow
24:49 Thumb Ring
25:59 Husbandry
26:10 Bloodlines
29:15 Ballistics
32:30 Town Watch
35:48 Imperial Age
32:47 Elite Skirmisher
38:03 Bracer
40:46 Forging
42:31 Iron Casting
43:01 Bloodlines
42:13 Light Cavalry
43:50 Scale Barding Armor
46:35 Conscription
46:01 Horse Collar
48:02 Chemistry
49:19 Wheelbarrow
Connection lost

Rejoining the realm…

Still unreachable

The connection could not be restored.

Session expired

The server has moved on; the page needs a fresh start.